AoeStats
← Grant B 1993

Enclosed

505671696Analyzed
1v1 RM · 21d ago on Sep 10, 2026· 28m 39s· 2 players
Game mode
Random Map
Map size
Tiny (2 player)
Population
200
Speed
Normal
Resources
Standard
Victory
Conquest
Starting age
Dark Age
Ending age
Imperial Age
RankedLock teamsTeams togetherTeam positionsShared explorationLock speedFull tech treeHidden civsTurbo modeCheats
Victory
Defeat
🇪🇸 Magyars · Spain
827
+16
🇺🇸 Cumans · United States
832
-16
morfi grei
11:49 Feudal Age
13:20 Gold Mining
13:12 Horse Collar
13:20 Double-Bit Axe
19:40 Loom
22:49 Castle Age
21:14 Scale Mail Armor
22:51 Stone Mining
23:56 Husbandry
25:37 Wheelbarrow
25:11 Scale Barding Armor
25:35 Pikeman
Grant B 1993
11:53 Feudal Age
10:10 Loom
14:20 Horse Collar
16:45 Bloodlines
20:07 Castle Age
19:23 Fletching
27:15 Bodkin Arrow
27:56 Double-Bit Axe
Connection lost

Rejoining the realm…

Still unreachable

The connection could not be restored.

Session expired

The server has moved on; the page needs a fresh start.